 Dungeon Crawl Stone Soup version 0.30-b1-2-g02819fbbbe (webtiles) character file.

Game seed: 18305652950045082280

28 kanganoth the Shooter (level 3, -2/20 HPs)
             Began as a Deep Elf Hunter on Sept 7, 2023.
             Was an Initiate of Gozag.
             Slain by a black bear (3 damage)
             ... on level 2 of the Dungeon.
             The game lasted 00:07:36 (1089 turns).

kanganoth the Shooter (Deep Elf Hunter)             Turns: 1089, Time: 00:07:36

Health: -2/20      AC:  4    Str:  8    XL:     3   Next: 0%
Magic:  5/5        EV: 12    Int: 13    God:    Gozag
Gold:   72         SH:  0    Dex: 20    Spells: 2/2 levels left

rFire   + . .        a - +0 shortbow
rCold   . . .        (shield currently unavailable)
rNeg    . . .        c - +0 leather armour
rPois   .            (no helmet)
rElec   .            g - +0 cloak
rCorr   .            (no gloves)
SInv    .            (no boots)
Will    .....        (no amulet)
Stlth   ++           j - ring of protection from fire
HPRegen 0.23/turn    (no ring)
MPRegen 0.09/turn

%: no passive effects
@: flying
A: no striking features
a: Renounce Religion, Potion Petition, Call Merchant, Bribe Branch


You were on level 2 of the Dungeon.
You worshipped Gozag.
Gozag was noncommittal.
You visited 1 branch of the dungeon, and saw 2 of its levels.

You collected 102 gold pieces.
You paid 30 gold pieces to Gozag.

Inventory:

Hand Weapons
 a - a +0 shortbow (weapon)
 e - a +0 long sword
Missiles
 h - 6 poisoned darts
Armour
 c - a +0 leather armour (worn)
 g - a +0 cloak (worn)
Magical Staves
 m - a staff of conjuration
Jewellery
 j - a ring of protection from fire (left hand)
Scrolls
 b - a scroll of immolation
 f - a scroll of poison {unknown}
 i - a scroll of fear {unknown}
 k - a scroll of noise {unknown}
 l - a scroll of magic mapping {unknown}
 n - a scroll of identify {unknown}
Potions
 d - a potion of flight
 o - a potion of curing {unknown}


   Skills:
 + Level 1.6 Fighting
 + Level 1.0 Long Blades
 + Level 5.8 Ranged Weapons
 + Level 0.7 Armour
 + Level 2.4 Dodging
 + Level 1.9 Stealth


You had 2 spell levels left.
You didn't know any spells.
Your spell library was empty.

Dungeon Overview and Level Annotations

Branches:
Dungeon (2/15)

Altars:
Gozag

Shops:
D:1 !


Message History

You shoot an arrow. The arrow hits the adder.
You kill the adder!
The black bear bites you.
The black bear claws you but does no damage. x2
Your Long Blades skill increases to level 1!
You have reached level 3!
Your experience leads to an increase in your attributes!
Increase (S)trength, (I)ntelligence, or (D)exterity?
You feel agile. x2
The black bear attacks as you move away!
The black bear misses you. The black bear claws you.
The black bear barely misses you.
The black bear attacks as you move away!
The black bear bites you. The black bear closely misses you.
The black bear claws you.
The black bear attacks as you move away!
The black bear misses you.
The black bear claws you but does no damage.
The black bear claws you.
The black bear attacks as you move away!
The black bear barely misses you.
The black bear claws you but does no damage.
The black bear closely misses you.
You open the door. The black bear bites you. The black bear claws you. x2
* * * LOW HITPOINT WARNING * * *
You are too injured to fight recklessly!
It was a potion of flight.
You feel very buoyant.
You fly up into the air.
The black bear barely misses you. The black bear claws you.
* * * LOW HITPOINT WARNING * * *
The black bear misses you.
Unknown command.
There is an open door here.
The black bear attacks as you move away!
The black bear bites you.
* * * LOW HITPOINT WARNING * * *
The black bear claws you.
You die...
Your body crumbles into a pile of gold.

.......################......###.
.......# ######## + .......#
###########.. .......#
#............ ...#####
#............ .#..# #............
.##.########............
.##........#..........#
.#########.#....@.....#...... .#
#......h.....#.....# .#
##...........#.....# รท####
##..........#.....+ ....#
#.###'####.# ....# ....#
#.....#### # ...#####
....########.....##.. #$......
.................##.# ###.......
######...........##.# ##.........


You could see a black bear.

Vanquished Creatures
  An adder (D:2)
  A dart slug (D:1)
  A bat (D:2)
  2 endoplasms (D:1)
  A giant cockroach (D:2)
  4 goblins
  2 hobgoblins
  A kobold (D:1)
  A ball python (D:1)
  A frilled lizard (D:1)
  A rat (D:1)
16 creatures vanquished.

Notes
Turn   | Place    | Note
-------+----------+-------------------------------------------
     0 | D:1      | kanganoth the Deep Elf Hunter began the quest for the Orb.
     0 | D:1      | Reached XP level 1. HP: 12/12 MP: 3/3
   234 | D:1      | Found Gaph's Distillery.
   239 | D:1      | Reached XP level 2. HP: 16/16 MP: 4/4
   347 | D:1      | Found a faded altar of an unknown god.
   871 | D:2      | Found an opulent altar of Gozag.
  1004 | D:2      | Became a worshipper of Gozag Ym Sagoz the Greedy
  1063 | D:2      | Noticed a black bear
  1069 | D:2      | Reached skill level 1 in Long Blades
  1069 | D:2      | Reached XP level 3. HP: 19/20 MP: 5/5
  1089 | D:2      | HP: 1/20 [black bear (2)]
  1089 | D:2      | Slain by a black bear

Illustrated notes

Levels and vault maps discovered:
D:1:      elethiomel_arrival_quiet, layout_basic, serial_shops,
          nicolae_shop_industrial_runoff, basic_ecumenical_altar,
          hangedman_decor_peaks_small
D:2:      layout_basic, basic_altar, uniq_terence

Skill      XL: |  1  2 |
---------------+-------+-----
Long Blades    | 1 |  1.0
Fighting       | |  1.6
Ranged Weapons | |  5.8
Armour         | |  0.7
Dodging        | |  2.4
Stealth        | |  1.9

Action                     || total
---------------------------++-------
  Melee: Long sword        ||    15
   Fire: Shortbow          ||    26
    Use: Potion            ||     1
   Stab: Sleeping          ||     1
 Armour: Leather armour    ||     8
  Dodge: Dodged            ||    25
